 Dungeon Crawl Stone Soup version 0.29-a0-378-gc08b2e8bf8 (webtiles) character file.

Game seed: 8060078958833174933

69 purpskrrrp the Covered (level 4, -7/36 HPs)
             Began as a Hill Orc Wanderer on May 4, 2022.
             Killed from afar by a steam dragon (26 damage)
             ... with a ball of steam
             ... on level 4 of the Dungeon.
             The game lasted 00:13:27 (2770 turns).

purpskrrrp the Covered (Hill Orc Wanderer)          Turns: 2770, Time: 00:13:28

Health: -7/36      AC: 13    Str: 18    XL:     4   Next: 20%
Magic:  4/4        EV:  5    Int: 10    God:
Gold:   69         SH:  0    Dex: 10    Spells: 3/3 levels left

rFire   . . .      SeeInvis .   b - +0 spear
rCold   . . .      Faith    .   (no shield)
rNeg    . . .      Spirit   .   m - +0 plate armour
rPois   .          Reflect  .   (no helmet)
rElec   .          Harm     .   (no cloak)
rCorr   .          Rampage  .   (no gloves)
Will    +....                   i - +0 pair of boots
Stlth   ..........              o - amulet of the acrobat
HPRegen 0.12/turn               g - ring of wizardry
MPRegen 0.09/turn               p - ring of willpower

@: no status effects
A: no striking features
a: no special abilities


You were on level 4 of the Dungeon.
You visited 1 branch of the dungeon, and saw 3 of its levels.

You collected 69 gold pieces.

Inventory:

Hand Weapons
 a - a +2 hunting sling
 b - a +0 spear (weapon)
Missiles
 e - 71 stones
 h - 3 poisoned darts
Armour
 c - a +0 ring mail
 i - a +0 pair of boots (worn)
 m - a +0 plate armour (worn)
Jewellery
 g - a ring of wizardry (left hand)
 o - an amulet of the acrobat (around neck)
 p - a ring of willpower (right hand)
Wands
 n - a wand of iceblast (6)
Potions
 d - a potion of might
 k - a potion of berserk rage {unknown}
 l - a potion of mutation {unknown}


   Skills:
 + Level 1.7 Fighting
 + Level 2.9 Polearms
 + Level 2.1(2.2) Slings
 + Level 1.0(1.6) Throwing
 + Level 4.1 Armour
 + Level 0.7 Dodging
 + Level 1.1 Stealth
 + Level 1.2 Invocations


You had 3 spell levels left.
You didn't know any spells.
Your spell library contained the following spells:

 Spells                   Type           Power      Damage    Failure   Level
 Ozocubu's Armour         Ice            0%         N/A       100%        3
 Metabolic Englaciation   Hex/Ice        0%         N/A       100%        5
 Simulacrum               Ice/Necr       0%         N/A       100%        6


Dungeon Overview and Level Annotations

Branches:
Dungeon (2/15)

Altars:
Trog

Shops:
D:2 (


Message History

Found an opal ring.
n - a wand of iceblast (7)
p - a ring of willpower
p - a ring of willpower (right hand)
There are no items here.
Blink to where?
Press: ? - help, Dir - move target, f - you
Okay, then.
As you read the scroll labelled UKIESK SUCEZ, it crumbles to dust.
It was a scroll of blinking.
A steam dragon comes into view.
A steam dragon is nearby!
Unknown command.
The steam dragon breathes steam at you. The ball of steam hits you!
You hear a shout!
You closely miss the steam dragon.
You are engulfed in a cloud of scalding steam.
The steam dragon bites you.
The steam dragon claws you but does no damage.
The steam dragon bites you. The steam dragon misses you.
You hit the steam dragon.
The steam dragon is lightly wounded.
The steam dragon bites you.
* * * LOW HITPOINT WARNING * * *
The steam dragon closely misses you.
Aiming: Iceblast
Press: ? - help, Q - select action, (/) - cycle Shift-Dir - straight line The mass of ice explodes!
The iceblast engulfs the steam dragon.
The steam dragon is lightly wounded.
The steam dragon barely misses you. x2
You feel better.
The steam dragon bites you but does no damage.
The steam dragon closely misses you.
You hit the steam dragon.
The steam dragon is moderately wounded.
The steam dragon breathes steam at you. The ball of steam hits you!!
Ouch! That really hurt!
You die...

..$.... ..##+### #.....#
#......# #....D#
#......# #.....#
#......# #.....#
#......# #.....#
#......# #.....+
#......#
##.....#########......#
...............D@####...
.................+ .
.................#
.................#
########....##+###
#....# #....# #....+
#....#


You could see a steam dragon (catching breath).

Vanquished Creatures
  2 adders (D:2)
  3 worms (D:2)
  2 dart slugs
  2 ball pythons (D:1)
  5 endoplasms
  4 goblins
  2 hobgoblins (D:2)
  3 jackals (D:1)
  2 kobolds (D:2)
  A quokka (D:2)
  2 bats (D:2)
  3 frilled lizards
  8 rats
39 creatures vanquished.

Vanquished Creatures (others)
  3 plants (D:1)
  3 withered plants (D:1)
6 creatures vanquished.

Grand Total: 45 creatures vanquished

Notes
Turn   | Place    | Note
-------+----------+-------------------------------------------
     0 | D:1      | purpskrrrp the Hill Orc Wanderer began the quest for the
                  | Orb.
     0 | D:1      | purpskrrrp set off with the following items: a +2 hunting
                  | sling, a +0 spear, a +0 ring mail, a potion of might
     0 | D:1      | Reached XP level 1. HP: 14/14 MP: 1/1
   270 | D:1      | Reached XP level 2. HP: 12/22 MP: 2/2
   629 | D:1      | Found a faded altar of an unknown god.
  1013 | D:1      | Reached XP level 3. HP: 26/27 MP: 3/3
  1270 | D:2      | Reached skill level 4 in Armour
  1463 | D:2      | Reached skill level 1 in Fighting
  1754 | D:2      | Found Faifanud's Weapon Boutique.
  2153 | D:2      | Reached XP level 4. HP: 34/35 MP: 4/4
  2694 | D:2      | You fall into a shaft and drop 2 floors!
  2696 | D:4      | Found a bloodstained altar of Trog.
  2747 | D:4      | Noticed a steam dragon
  2770 | D:4      | Killed from afar by a steam dragon

Illustrated notes

Levels and vault maps discovered:
D:1:      psy_arrival_whirlpool, layout_basic,
          shapermc_ecumenical_altar_flowoftime, serial_corexii_hall,
          corexii_hall_statues_i, corexii_hall_statues_i
D:2:      minmay_alternating_diamond, layout_basic, serial_shops,
          nicolae_shop_bloodbath_and_beyond
D:4:      layout_gridville, mainiacjoe_overflow_chevrons, lemuel_doored_altar,
          minmay_temple_entry_hall, serial_shops, shop, uniq_duvessa

Skill      XL: |  1  2  3 |
---------------+----------+-----
Slings         | 2 |  2.1
Armour         | 4 |  4.1
Fighting       | 1 |  1.7
Polearms       | |  2.9
Throwing       | |  1.0
Dodging        | |  0.7
Stealth        | |  1.1
Invocations    | |  1.2

Action                   |  1- 3 |  4- 6 || total
-------------------------+-------+-------++-------
Melee: Spear             |   199 |    13 ||   212
       Punch             |     4 |       ||     4
 Fire: Hunting sling     |     4 |       ||     4
Evoke: Wand              |       |     1 ||     1
  Use: Scroll            |     1 |     5 ||     6
       Potion            |       |     1 ||     1
Armor: Ring mail         |    78 |     2 ||    80
       Plate armour      |       |     2 ||     2
Dodge: Dodged            |    86 |    10 ||    96

Table legend: (Time is in decaauts)
 A = Elapsed time spent in this place.
 B = Non-inter-level travel time spent in this place.
 C = Inter-level travel time spent in this place.
 D = Time resting spent in this place.
 E = Time spent auto-exploring this place.
 F = Levels seen in this place.
 G = Mean time per level.
                   A        B        C        D        E       F      G
               +--------+--------+--------+--------+--------+-----+--------+
         Total |   2766 |   2603 |    163 |    745 |   1028 |   3 |  922.0 |
       Dungeon |   2766 |   2603 |    163 |    745 |   1028 |   3 |  922.0 |
               +--------+--------+--------+--------+--------+-----+--------+

Top non-repeatable levels by time:
     D:2: 1462 daAuts
     D:1: 1229 daAuts
     D:4: 75 daAuts
